 Dungeon Crawl Stone Soup version 0.28-a0-851-g8b9cc49659 (webtiles) character file.

Game seed: 14011221915032669038

6 croobank the Sneak (level 2, -9/24 HPs)
             Began as a Human Delver on Nov 14, 2021.
             Was an Initiate of Sif Muna.
             Mangled by Menkaure (20 damage)
             ... on level 4 of the Dungeon.
             The game lasted 00:03:20 (210 turns).

croobank the Sneak (Human Delver)                    Turns: 210, Time: 00:03:26

Health: -9/24      AC:  3    Str: 12    XL:     2   Next: 0%
Magic:  2/2        EV: 12    Int: 10    God:    Sif Muna [......]
Gold:   31         SH:  0    Dex: 14    Spells: 1/1 levels left

rFire   . . .      SeeInvis .   a - +0 hand axe
rCold   . . .      Faith    .   (no shield)
rNeg    . . .      Spirit   .   b - +0 leather armour
rPois   .          Reflect  .   (no helmet)
rElec   .          Harm     .   (no cloak)
rCorr   .          Rampage  .   (no gloves)
Will    .....                   (no boots)
Stlth   +++.......              (no amulet)
HPRegen 0.08/turn               (no ring)
MPRegen 0.08/turn               (no ring)

@: no status effects
A: no striking features
a: Renounce Religion


You were on level 4 of the Dungeon.
You worshipped Sif Muna.
Sif Muna was noncommittal.
You visited 2 branches of the dungeon, and saw 3 of its levels.

You collected 31 gold pieces.

Inventory:

Hand Weapons
 a - a +0 hand axe (weapon)
 k - a +0 mace
Missiles
 i - 10 stones (quivered)
Armour
 b - a +0 leather armour (worn)
Wands
 g - a wand of digging (3)
Scrolls
 c - a scroll of fog
 d - a scroll of magic mapping
 h - a scroll of amnesia {unknown}
 j - a scroll of enchant armour {unknown}


   Skills:
 + Level 3.0 Fighting
 + Level 2.0 Axes
 + Level 2.1 Dodging
 + Level 5.2 Stealth


You had one spell level left.
You didn't know any spells.
Your spell library contained the following spells:

 Spells                   Type           Power      Damage    Failure   Level
 Gell's Gravitas          Tloc           0%         N/A       82%         3
 Lesser Beckoning         Tloc           0%         N/A       82%         3
 Teleport Other           Tloc           0%         N/A       82%         3


Dungeon Overview and Level Annotations

Branches:
Dungeon (5/15)             Temple (1/1) D:4

Altars:
Elyvilon
Nemelex Xobeh
Sif Muna
Xom
The Shining One

Annotations:
D:4 Menkaure


Message History

You closely miss the orc.
The orc is almost dead.
The orc hits you with a +0 mace. x2
You closely miss the orc.
The orc is almost dead.
The orc hits you with a +0 mace.
You hit the orc.
You kill the orc!
Sif Muna accepts your kill.
You have reached level 2!
A phantom comes into view.
You see here a +0 mace.
A phantom is nearby!
A phantom is nearby!
k - a +0 mace You feel yourself speed up.
Your extra speed is starting to run out.
Found 14 gold pieces.
Found a stone staircase leading up.
You feel yourself slow down.
Menkaure, Prince of Dust comes into view.
Menkaure shouts!
Menkaure blazes with dark energy!
You see here 14 gold pieces.
You now have 31 gold pieces (gained 14).
Menkaure casts a spell.
Menkaure seems to speed up.
As you open the door, it creaks loudly!
An adder and an orc wizard come into view.
The orc wizard shouts!
The adder hisses angrily.
A ball python comes into view.
The orc wizard moves out of view.
The adder moves out of view.
You hear a shout!
Found a scroll labelled SACIMN BOSSYGO.
As you read the scroll of fear, it crumbles to dust.
You assume a fearsome visage.
Menkaure is unaffected.
The ball python looks frightened!
The ball python hisses angrily.
You hear an angry hiss.
Menkaure hits you!!
Ouch! That really hurt!
You die...

##+ #. .
.....
.#####.#.
....... .#
#..#.###.## #
#........
#?##...# .#
#.'@M..##.#
#S##.#....#
#S
####...#####.
.. ##.......#
## #
##..#####.#
##.#.....#
#..M..##.#
##..#.# .# .
##...#.# #


You could see Menkaure (fast), an adder and a ball python (fleeing).

Vanquished Creatures
  An orc (D:4)
  An endoplasm (D:4)
  A goblin (D:4)
  A ball python (D:4)
  A kobold (D:4)
5 creatures vanquished.

Notes
Turn   | Place    | Note
-------+----------+-------------------------------------------
     0 | D:5      | croobank the Human Delver began the quest for the Orb.
     0 | D:5      | Reached XP level 1. HP: 18/18 MP: 1/1
     3 | D:5      | Found a sparkling altar of Nemelex Xobeh.
     8 | D:5      | Noticed a water moccasin
    51 | D:4      | Found a staircase to the Ecumenical Temple.
    84 | Temple   | Entered the Ecumenical Temple
    99 | Temple   | Became a worshipper of Sif Muna the Loreminder
   127 | D:4      | Noticed a scorpion
   151 | D:4      | Reached XP level 2. HP: 8/24 MP: 2/2
   151 | D:4      | Noticed a phantom
   200 | D:4      | Noticed Menkaure
   210 | D:4      | Mangled by Menkaure

Illustrated notes

Levels and vault maps discovered:
D:4:      layout_basic, minmay_temple_entry_sparse_star,
          hellmonk_ghost_happy_afterlife, grunt_decor_fettered,
          dk_noncrumbling_3, minmay_fractal_squares_gapless_5, uniq_menkaure,
          uniq_eustachio, uniq_robin
D:5:      layout_loops_ring, mainiacjoe_overflow_brackets
Temple:   zaba_magenta_temple

Action                   || total
-------------------------++-------
Melee: Hand axe          ||    14
  Use: Scroll            ||     1
       Potion            ||     1
 Stab: Sleeping          ||     1
Armor: Leather armour    ||     1
Dodge: Dodged            ||     7

Table legend: (Time is in decaauts)
 A = Elapsed time spent in this place.
 B = Non-inter-level travel time spent in this place.
 C = Inter-level travel time spent in this place.
 D = Time resting spent in this place.
 E = Time spent auto-exploring this place.
 F = Levels seen in this place.
 G = Mean time per level.
                   A        B        C        D        E       F      G
               +--------+--------+--------+--------+--------+-----+--------+
         Total |    197 |    192 |      5 |      0 |     20 |   3 |   65.7 |
       Dungeon |    177 |    176 |      1 |      0 |     20 |   2 |   88.5 |
        Temple |     19 |     15 |      4 |      0 |      0 |   1 |   19.0 |
               +--------+--------+--------+--------+--------+-----+--------+

Top non-repeatable levels by time:
     D:4: 135 daAuts
     D:5: 42 daAuts
  Temple: 19 daAuts
